Map: Dusk Towers

Players

lesha - Winner!

  • Race: Terran Terran
  • League: Silver

lPusher

  • Race: Protoss Protoss
  • League: Silver

VOD

Have the link to the VOD?

Description

Time

  • Played on: Jan. 1, 2016, 9:02 p.m.
  • Length: 8:13
Show
View Real Time Build Order
Export as new Build Order

lesha Terran - Winner!

Build Orders: Reaper Expand 

Get SALT Encoding   

  12  0:01  SCV  
  13  0:13  SCV  
  14  0:18  Supply Depot  
  14  0:25  SCV  
  15  0:41  Barracks  
  16  0:46  SCV  
  16  0:47  Refinery  
  16  0:58  SCV  
  17  1:11  SCV  
  18  1:23  SCV  
  19  1:31  Reaper  
  20  1:35  Orbital Command  
  20  1:42  Command Center  
  20  1:51  Supply Depot  
  20  2:04  SCV, Barracks  
  21  2:12  Barracks Reactor  
  21  2:16  SCV  
  21  2:21  Refinery  
  22  2:34  Factory  
  22  2:38  SCV  
  23  2:50  SCV, Marine x2  
  25  3:14  SCV  
  25  3:16  Orbital Command  
  26  3:23  Factory Tech Lab  
  26  3:24  Barracks Tech Lab  
  26  3:30  Marine  
  26  3:31  Marine  
  26  3:32  Barracks  
  26  3:33  Barracks  
  28  3:43  Stimpack  
  28  3:44  Siege Tank  
  32  3:48  Marine  
  32  3:50  Marauder  
  32  3:52  Marine  
  32  3:54  SCV  
  32  3:55  SCV  
  37  4:07  SCV x2, Supply Depot  
  39  4:14  Marauder  
  39  4:16  Marine x2  
  43  4:30  SCV  
  43  4:31  SCV  
  45  4:34  Barracks Reactor  
  45  4:35  Barracks Tech Lab, Bunker  
  45  4:37  Marine x2  
  49  4:38  Marauder  
  49  4:40  Siege Tank  
  52  4:47  Engineering Bay  
  52  4:48  SCV  
  54  5:00  SCV, Supply Depot  
  54  5:02  Supply Depot  
  54  5:07  Marine x2  
  48  5:36  Terran Infantry Weapons Level 1  
  48  5:37  Marine x4  
  48  5:38  Starport  
  48  5:39  Marauder x2  
  48  5:40  Siege Tank  
  59  5:47  Refinery  
  59  5:48  Refinery  
  59  5:51  SCV  
  59  5:52  SCV  
  59  5:57  Marine x3  
  61  6:03  SCV  
  61  6:04  SCV  
  67  6:05  Marine x2  
  69  6:14  Marine  
  69  6:27  Marine x3  
  69  6:29  Barracks Reactor  
  69  6:32  Medivac x2  
  74  6:38  Command Center  
  76  6:41  SCV x2  
  76  6:42  Engineering Bay  
  78  6:53  Supply Depot  
  78  6:54  Supply Depot  
  78  7:14  SCV x2, Marine x2  
  78  7:15  Marauder  
  84  7:21  Barracks, Marine x2  
  84  7:22  Barracks  
  86  7:23  Marauder  
  86  7:24  Medivac  
  86  7:26  Medivac  
Show
View Real Time Build Order
Export as new Build Order

lPusher Protoss 

Build Orders:  

Get SALT Encoding   

  12  0:02  Probe (Chrono Boost)  
  13  0:13  Probe (Chrono Boost)  
  14  0:18  Pylon  
  14  0:23  Probe (Chrono Boost)  
  15  0:36  Probe (Chrono Boost)  
  15  0:38  Gateway  
  16  0:47  Probe (Chrono Boost)  
  17  0:53  Gateway  
  17  0:58  Probe (Chrono Boost)  
  17  1:03  Assimilator  
  18  1:08  Probe (Chrono Boost)  
  19  1:18  Pylon  
  19  1:19  Probe (Chrono Boost)  
  20  1:27  Cybernetics Core  
  20  1:30  Probe (Chrono Boost)  
  21  1:40  Gateway  
  21  1:45  Assimilator  
  21  1:54  Probe (Chrono Boost)  
  22  2:05  Stalker  
  24  2:11  Stalker  
  26  2:19  Pylon  
  26  2:20  Probe  
  27  2:27  Stalker  
  29  2:37  Gateway  
  29  2:43  Stalker  
  31  2:55  Warp Gate (Chrono Boost)  
  31  3:04  Stalker  
  33  3:09  Stalker  
  33  3:11  Probe  
  36  3:21  Gateway  
  36  3:26  Stalker  
  38  3:33  Pylon  
  38  3:41  Pylon  
  38  3:51  Stalker  
  40  4:00  Stalker  
  42  4:04  Stalker  
  44  4:39  Pylon  
  44  4:46  Stalker x2  
  44  4:47  Stalker x2  
  24  5:30  Stalker x4  
  32  5:47  Nexus  
  34  5:57  Mothership Core  
  34  6:11  Pylon  
  34  6:14  Pylon  
  34  6:32  Stalker x2  
  38  6:45  Probe  
  39  6:47  Assimilator  
  39  6:51  Assimilator  
  39  6:57  Probe  
  40  7:05  Probe  
  41  7:09  Probe  
  42  7:15  Probe  
  42  7:21  Probe  
  44  7:23  Twilight Council  
  44  7:30  Robotics Facility  
  44  7:34  Probe  
  45  7:37  Stalker  
  45  7:40  Probe  
  48  7:51  Probe  
Tags
 
Add a new tag
Caveats
  • Supply blocks, unpowered buildings, or Contaminate may cause inaccurate times.
  • Supply counts are checked every 10 seconds.